 Dungeon Crawl Stone Soup version 0.19.1 (webtiles) character file.

2401 Ladykiller69 the Gouger (level 9, 0/41 HPs)
             Began as a Felid Monk on Dec 25, 2016.
             Was a Follower of Uskayaw.
             Slain by an ogre
             ... wielding a +0 giant club
              (24 damage)
             ... on level 7 of the Dungeon.
             The game lasted 00:25:19 (10398 turns).

Ladykiller69 the Gouger (Felid Monk)               Turns: 10398, Time: 00:25:20

Health: 0/41       AC:  2    Str:  8    XL:     9   Next: 23%
Magic:  11/11      EV: 26    Int: 12    God:    Uskayaw [*.....]
Gold:   319        SH:  0    Dex: 20    Spells: 0 memorised, 8 levels left
                                        Lives:  0   Deaths: 2

rFire  . . .     SeeInvis +       - Unarmed
rCold  . . .     Gourm    .     (armour unavailable)
rNeg   . . .     Faith    .     (shield unavailable)
rPois  .         Spirit   .     (helmet unavailable)
rElec  .         Reflect  .     (cloak unavailable)
rCorr  +         Harm     .     (gloves unavailable)
MR     +....                    (boots unavailable)
Stlth  +++++.....               (no amulet)
                                l - ring of resist corrosion
                                (no ring)

@: quick
A: no armour, no weapons or thrown items, stealth, claws 1, fangs 3, see
invisible, carnivore 3, speed 1, shaggy fur 2, slow metabolism 1, sharp paws
a: Stomp, Renounce Religion


You were on level 7 of the Dungeon.
You worshipped Uskayaw.
Uskayaw was noncommittal.
You were very full.

You visited 2 branches of the dungeon, and saw 8 of its levels.

You collected 319 gold pieces.

Inventory:

Jewellery
 c - an uncursed ring of ice
 l - a ring of resist corrosion (right paw)
Wands
 d - a wand of acid (6/15)
 q - a wand of teleportation (6/9)
 t - a wand of lightning (3/15)
 z - a wand of polymorph (16/24)
Scrolls
 b - 2 scrolls of immolation {unknown}
 e - a scroll of identify
 f - 2 scrolls of blinking {unknown}
 g - 2 scrolls of enchant weapon {unknown}
 j - a scroll of recharging {unknown}
 m - 2 scrolls of remove curse
 o - a scroll of fear {unknown}
 r - 2 scrolls of amnesia {unknown}
 s - a scroll of magic mapping {unknown}
 u - 2 scrolls of enchant armour {unknown}
 B - a scroll of random uselessness {unknown}
Potions
 k - a potion of invisibility
 p - a potion of ambrosia
 v - 2 potions of agility
 x - 3 potions of flight
 A - 2 potions of brilliance
 C - a potion of curing
Books
 y - a book of Debilitation

   Spells                             Type                      Level
   a - Corona                         Hexes                        1
   b - Slow                           Hexes                        2
   c - Gell's Gravitas                Hexes/Translocation          3
   d - Inner Flame                    Hexes/Fire                   3
   e - Cause Fear                     Hexes                        4
   f - Leda's Liquefaction            Hexes/Earth                  4
Comestibles
 a - 2 meat rations
 h - a beef jerky
 i - 2 slices of pizza
 n - 2 royal jellies
 w - 3 chunks of flesh


   Skills:
 + Level 6.2 Fighting
 + Level 9.2 Dodging
 + Level 9.4 Stealth
 * Level 9.7 Unarmed Combat
 + Level 1.9 Invocations
 - Level 2.0 Evocations


You had 8 spell levels left.
You didn't know any spells.

Dungeon Overview and Level Annotations

Branches:
Dungeon (7/15)             Temple (1/1) D:5

Altars:
Ashenzari
Dithmenos
Elyvilon
Fedhas
Gozag
Hepliaklqana
Kikubaaqudgha
Nemelex Xobeh
Okawaru
Qazlal
Ru
Trog
Uskayaw
Vehumet
Xom
Yredelemnul
Zin
The Shining One

Shops:
D:7 :

Annotations:
D:2 1 runed door
D:7 SeriousVitamin's ghost, novice NaTm


Innate Abilities, Weirdness & Mutations

You cannot wear armour.
You are incapable of wielding weapons or throwing items.
Your paws allow you to move quietly. (Stealth)
You have sharp claws.
You have razor-sharp teeth.
You have supernaturally acute eyesight. (SInv)
You are carnivorous and can eat meat at any time.
You cover ground quickly.
You are covered in thick fur. (AC +2)
You have a slow metabolism.
Your sharp claws are effective at attacking unaware monsters.


Message History

SeriousVitamin's ghost is lightly damaged.
SeriousVitamin's ghost misses you.
You barely miss SeriousVitamin's ghost.
SeriousVitamin's ghost is lightly damaged.
SeriousVitamin's ghost barely misses you.
You barely miss SeriousVitamin's ghost.
Your bite misses SeriousVitamin's ghost.
SeriousVitamin's ghost is lightly damaged.
SeriousVitamin's ghost misses you.
You closely miss SeriousVitamin's ghost.
SeriousVitamin's ghost is lightly damaged.
You scratch SeriousVitamin's ghost.
SeriousVitamin's ghost is lightly damaged.
SeriousVitamin's ghost hits you!
An ogre is nearby!
You claw the ogre!
The ogre is moderately wounded.
The ogre hits you with a giant club!!
Ouch! That really hurt!
You die...

..†.<........#####.............#
.........>...#######...........#
.#.............).###...#.......##
.#...........###.................
.............# ####..#..#.W....##
.##(.........## ##.###.......(..
.####.######..## #..# #....<...#.
)#........[#...###.## #.#......#.
)#.........#....@O..###.#......##
)..........####.##...........%##
.#............#....#.##.......##
##..........#........##........##
#..............#..#.............
#...........[..##...............
#..........._...................
#..............#....##..........
#..................###..........


You could see an ogre.

Vanquished Creatures
  Sigmund (D:6)
  Eustachio (D:4)
  An orc warrior (D:7)
  2 ice beasts
  A necrophage (D:7)
  A sky beast (D:5)
  2 black bears (D:6)
  A phantom (D:5)
  An ogre (D:4)
  3 centaurs
  Blork the orc (D:6)
  2 bullfrogs (D:6)
  A gnoll sergeant (D:6)
  3 scorpions
  6 killer bees
  5 wights
  2 howler monkeys
  5 crimson imps
  A centaur zombie (D:7)
  5 hounds
  2 jellies
  5 orc priests
  2 bullfrog skeletons
  8 orc wizards
  A gnoll shaman (D:7)
  A centaur skeleton (D:7)
  5 worker ants
  A hound zombie (D:7)
  A howler monkey zombie (D:6)
  A worker ant zombie (D:6)
  8 gnolls
  9 adders
  A howler monkey skeleton (D:5)
  An ooze (D:4)
  3 adder skeletons
  6 worms
  12 dart slugs
  8 leopard geckos
  22 orcs
  A ball python (D:3)
  5 giant cockroaches
  8 hobgoblins
  18 jackals
  5 quokkas
  10 bats
  3 frilled lizards
  3 goblins
  A jackal skeleton (D:5)
  6 kobolds
  A leopard gecko zombie (D:5)
  A quokka skeleton (D:5)
  6 rats
210 creatures vanquished.

Vanquished Creatures (others)
  An orc priest (D:4)
  An orc (D:7)
2 creatures vanquished.

Grand Total: 212 creatures vanquished

Notes
Turn   | Place    | Note
-------+----------+-------------------------------------------
     0 | D:1      | Ladykiller69 the Felid Monk began the quest for the Orb.
     0 | D:1      | Reached XP level 1. HP: 10/10 MP: 2/2
   103 | D:1      | Reached XP level 2. HP: 12/14 MP: 3/3
   921 | D:2      | Reached XP level 3. HP: 17/17 MP: 4/4
  1104 | D:2      | Found a blossoming altar of Fedhas.
  1393 | D:2      | Reached XP level 4. HP: 8/21 MP: 5/5
  1602 | D:2      | Found a runed door.
  1807 | D:3      | Noticed an ice beast
  1826 | D:2      | HP: 1/21 [ice beast (4)]
  1826 | D:2      | Mangled by an ice beast
  1827 | D:2      | Reached XP level 3. HP: -9/17 MP: 4/4
  1833 | D:2      | Killed an ice beast
  1833 | D:2      | Reached XP level 4. HP: 22/22 MP: 5/5
  1947 | D:3      | Reached XP level 5. HP: 25/25 MP: 6/6
  1956 | D:3      | Reached skill level 5 in Dodging
  2286 | D:3      | Found a shattered altar of Ashenzari.
  2550 | D:3      | Reached skill level 5 in Unarmed Combat
  3227 | D:3      | Noticed a black bear
  3547 | D:4      | Gained mutation: You are covered in thick fur. (AC +2) [Felid growth]
  3547 | D:4      | Reached XP level 6. HP: 13/28 MP: 7/7
  3930 | D:4      | Noticed Eustachio
  3990 | D:4      | Reached skill level 5 in Stealth
  4198 | D:4      | Found a bloodstained altar of Trog.
  4198 | D:4      | Found a faded altar of an unknown god.
  4205 | D:4      | Found a shadowy altar of Dithmenos.
  4207 | D:4      | Found a faded altar of an unknown god.
  4209 | D:4      | Found a faded altar of an unknown god.
  4618 | D:4      | Found an iron altar of Okawaru.
  4949 | D:4      | Reached XP level 7. HP: 19/32 MP: 8/8
  5003 | D:4      | Killed Eustachio
  5387 | D:4      | HP: 1/48 [scorpion (3)]
  5741 | D:5      | Entered Level 5 of the Dungeon
  5921 | D:5      | Reached XP level 8. HP: 31/36 MP: 9/9
  6509 | D:5      | Found a staircase to the Ecumenical Temple.
  6517 | Temple   | Entered the Ecumenical Temple
  6532 | Temple   | Became a worshipper of Uskayaw the Reveler
  6532 | Temple   | Reached * piety under Uskayaw
  6930 | D:6      | Noticed Sigmund
  6958 | D:6      | Noticed Blork the orc
  6966 | D:6      | Reached ** piety under Uskayaw
  6970 | D:6      | Killed Blork the orc
  7162 | D:6      | Found a sparkling altar of Nemelex Xobeh.
  7317 | D:6      | Reached *** piety under Uskayaw
  7323 | D:6      | Reached skill level 5 in Fighting
  7323 | D:6      | Reached **** piety under Uskayaw
  7366 | D:6      | Reached XP level 9. HP: 27/40 MP: 10/10
  8024 | D:6      | Killed Sigmund
  8318 | D:6      | Reached skill level 1 in Evocations
  8346 | D:7      | Found a white marble altar of Elyvilon.
  8379 | D:7      | Found Qiogesew's Book Shoppe.
  8416 | D:7      | Reached ***** piety under Uskayaw
  8440 | D:7      | Slain by a killer bee
  8441 | D:7      | Reached XP level 8. HP: -3/37 MP: 9/9
  8443 | D:7      | Noticed SeriousVitamin's ghost (novice NaTm)
  9534 | D:6      | Reached skill level 1 in Invocations
  9853 | D:6      | Reached XP level 9. HP: 38/41 MP: 11/11
 10398 | D:7      | Slain by an ogre

Skill      XL: |  1  2  3  4  5  6  7  8  9 |
---------------+----------------------------+-----
Stealth        | 3 4 5 6 9 |  9.4
Unarmed Combat | 4 5 6 7 8 9 |  9.7
Dodging        | 5 6 9 |  9.2
Fighting       | 4 6 |  6.2
Evocations     | 2 1 |  2.0
Invocations    | 1 |  1.9

Action                   |  1- 3 |  4- 6 |  7- 9 || total
-------------------------+-------+-------+-------++-------
Melee: Unarmed           |   126 |   243 |   460 ||   829
       Bite              |    10 |    18 |    42 ||    70
       Punch             |     1 |     5 |    16 ||    22
  Use: Potion            |       |     1 |     2 ||     3
       Scroll            |       |       |     5 ||     5
 Stab: Sleeping          |     9 |    15 |    21 ||    45
       Distracted        |       |     3 |     4 ||     7
       Paralysed         |       |       |     6 ||     6
  Eat: Chunk             |     8 |    13 |    16 ||    37
Armor: Skin              |    11 |    12 |    16 ||    39
Dodge: Dodged            |   116 |   195 |   361 ||   672
